 Dungeon Crawl Stone Soup version 0.23.2-33-g5129a83184 (webtiles) character file.

Game seed: 1966124137014854346

4585 Kold the Destroyer (level 10, -19/121 HPs)
             Began as a Yellow Draconian Conjurer on July 9, 2019.
             Was a Priest of Vehumet.
             Demolished by an orc knight
             ... wielding a +0 dire flail
              (30 damage)
             ... in a bailey on July 10, 2019.
             The game lasted 00:30:56 (9103 turns).

Kold the Destroyer (Yellow Draconian Conjurer)      Turns: 9103, Time: 00:30:57

Health: -19/121    AC:  9    Str: 15    XL:     10   Next: 18%
Magic:  3/16       EV: 14    Int: 20    God:    Vehumet [***...]
Gold:   250        SH:  6    Dex: 11    Spells: 6/17 levels left

rFire    . . .     SeeInvis .   g - +3 war axe (elec)
rCold    + . .     Gourm    .   i - +2 buckler {rC+}
rNeg     . . .     Faith    .   (armour unavailable)
rPois    .         Spirit   .   (helmet restricted)
rElec    .         Reflect  .   y - +0 cloak
rCorr    +         Harm     .   q - +0 pair of gloves
MR       .....     Rnd*Tele +   (no boots)
Stlth    ..........             A - amulet of regeneration
HPRegen  0.70/turn              (no ring)
MPRegen  0.15/turn              (no ring)

@: berserking (expiring), very quick
A: spit acid, unfitting armour, claws 1, horns 2, teleportitis 1, cold-blooded,
acid resistance, AC +7
a: Breathe Acid, Renounce Religion


You were in a bailey.
You worshipped Vehumet.
Vehumet was most pleased with you.
You were not hungry.

You visited 2 branches of the dungeon, and saw 12 of its levels.
You also visited: Bailey.

You collected 250 gold pieces.

Inventory:

Hand Weapons
 g - a +3 war axe of electrocution (weapon)
Armour
 i - a +2 buckler of cold resistance (worn)
 q - a +0 pair of gloves (worn)
 y - a +0 cloak (worn)
Magical Staves
 t - an uncursed staff of summoning
Jewellery
 e - a cursed ring of fire {unknown}
 k - an uncursed amulet of the gourmand
 p - a cursed +3 ring of dexterity {unknown}
 A - an amulet of regeneration (around neck)
 D - an uncursed amulet of guardian spirit {unknown}
Scrolls
 a - a scroll of random uselessness {unknown}
 c - a scroll of fog
 j - 3 scrolls of enchant weapon
 n - 6 scrolls of identify
 r - a scroll of enchant armour {unknown}
Potions
 f - 2 potions of haste {unknown}
 l - 2 potions of might {unknown}
 m - 3 potions of brilliance {unknown}
 o - 2 potions of lignification {unknown}
 u - 3 potions of degeneration
 v - a potion of curing
 w - a potion of agility {unknown}
 z - a potion of heal wounds
 C - a potion of magic {unknown}
Comestibles
 b - 14 rations


   Skills:
 * Level 5.5 Fighting
 - Level 5.0 Dodging
 - Level 5.0 Stealth
 - Level 4.3 Shields
 + Level 4.2 Spellcasting
 + Level 10.0 Conjurations
 + Level 4.2 Hexes


You had 6 spell levels left.
You knew the following spells:

 Your Spells              Type           Power        Failure   Level  Hunger
a - Magic Dart            Conj           ####         1%          1    None
b - Searing Ray           Conj           #####.       1%          2    #......
c - Fulminant Prism       Conj/Hex       ####......   1%          4    ####...
d - Iskenderun's Mystic   Conj           #####...     1%          4    ####...

Your spell library contained the following spells:

 Spells                   Type           Power        Failure   Level  Hunger
 Inner Flame              Hex/Fire       ##......     4%          3    ###....
 Dazzling Spray           Conj/Hex       ####..       1%          3    ###....
 Corona                   Hex            ###....      2%          1    None
 Force Lance              Conj/Tloc      ###.....     4%          4    ####...
 Confuse                  Hex            ###.....     7%          3    ###....
 Tukima's Dance           Hex            ###.....     7%          3    ###....
 Ensorcelled Hibernation  Hex/Ice        ##....       9%          2    #......


Dungeon Overview and Level Annotations

Branches:
Dungeon (11/15)            Temple (1/1) D:4             Orc (0/2) D:9
   Lair: D:8-11

Altars:
Cheibriados
Dithmenos
Gozag
Kikubaaqudgha
Makhleb
Qazlal
Sif Muna
Uskayaw
Vehumet

Annotations:
D:6 Dowan, Duvessa, Pikel
D:9 3 runed translucent doors, Thomus's ghost, novice MiBe


Innate Abilities, Weirdness & Mutations

You can spit globs of acid.
Your golden yellow scales are hard. (AC +7)
You cannot fit into any form of body armour.
You are cold-blooded and may be slowed by cold attacks.
You are resistant to acid. (rCorr)
You have sharp fingernails.
You have a pair of horns on your head.
You are occasionally teleported next to monsters.


Message History

The orc knight is heavily wounded.
The gnoll barely misses you.
The kobold shouts!
You slash the orc knight!
Lightning courses through the orc knight!
The orc knight is almost dead.
The orc knight barely misses you. The gnoll closely misses you.
You are too berserk!
You closely miss the orc knight.
You headbutt the orc knight, but do no damage.
You tail-slap the orc knight.
The orc knight is almost dead.
The orc knight hits you with a +0 dire flail.
* * * LOW HITPOINT WARNING * * *
You completely miss the orc knight.
The orc knight is almost dead.
The gnoll hits you from afar with a +2 halberd of electrocution.
* * * LOW HITPOINT WARNING * * *
The orc knight hits you with a +0 dire flail!!
You die...

#.# #.###.(.###.###(#
#'##'##'###'##)##'##
#.....## ##..()†##
###..(.(#####...)†###
#.'..(.)'.#.'.(∩.('.#
###.).gg#####.....###
##...gg## #.....#
##(##'##o###'##'##'#
#(###.###@#.# #.# #.#
#)# ### #### ### ##
#)# #g#g# ##(# #'#
#g#


#gg ..# #K. Kg..g ... .g..' .⌠. ....# .. ...# You could see an orc knight, 4
gnolls, 2 hobgoblins and a kobold.

Vanquished Creatures
  A two-headed ogre (D:9)
  A troll (D:11)
  A hippogriff (D:7)
  A spriggan (D:7)
  Grum (D:9)
  2 wargs (D:9)
  A water moccasin (D:5)
  3 orc warriors
  2 slaves (D:5)
  An ice beast (D:9)
  A black bear (D:5)
  2 sky beasts
  A phantom (D:4)
  A centaur (D:9)
  3 ogres
  A wolf (D:9)
  Blork the orc (D:5)
  3 bullfrogs
  A wyvern zombie (D:9)
  4 wights (D:9)
  A howler monkey (D:4)
  4 crimson imps
  2 bullfrog zombies
  A quasit (D:9)
  2 orc priests
  A jelly (D:5)
  3 orc wizards
  4 hounds
  An iguana (D:9)
  A centaur skeleton (D:5)
  3 bullfrog skeletons
  6 worker ants
  A howler monkey zombie (D:6)
  15 gnolls
  A howler monkey skeleton (D:5)
  16 adders
  2 oozes
  An adder skeleton (D:4)
  4 worms
  3 dart slugs
  2 leopard geckos
  14 orcs
  A ball python (D:3)
  2 giant cockroaches (D:1)
  6 goblins
  18 hobgoblins
  6 jackals
  3 quokkas
  3 bats
  5 frilled lizards
  A jackal skeleton (D:5)
  A jackal zombie (D:5)
  11 kobolds
  A quokka zombie (D:5)
  10 rats
188 creatures vanquished.

Vanquished Creatures (others)
  9 fulminant prisms
9 creatures vanquished.

Grand Total: 197 creatures vanquished

Notes
Turn   | Place    | Note
-------+----------+-------------------------------------------
     0 | D:1      | Kold the Draconian Conjurer began the quest for the Orb.
     0 | D:1      | Reached XP level 1. HP: 14/14 MP: 3/3
   117 | D:1      | Reached XP level 2. HP: 9/20 MP: 0/5
  1148 | D:2      | Found a hide-covered altar of Uskayaw.
  1165 | D:2      | Learned a level 2 spell: Searing Ray
  1172 | D:2      | Reached XP level 3. HP: 26/26 MP: 2/6
  1831 | D:2      | Noticed a +0 hand axe
  1831 | D:2      | Noticed a +0 hand axe
  1871 | D:2      | Found a faded altar of an unknown god.
  1924 | D:2      | Reached XP level 4. HP: 32/33 MP: 2/8
  1939 | D:2      | Reached skill level 5 in Conjurations
  2915 | D:3      | Reached XP level 5. HP: 38/38 MP: 2/10
  3216 | D:3      | Found a snail-covered altar of Cheibriados.
  3225 | D:3      | Found a radiant altar of Vehumet.
  3229 | D:3      | Became a worshipper of Vehumet
  3235 | D:3      | Found a burning altar of Makhleb.
  3241 | D:3      | Found a deep blue altar of Sif Muna.
  3413 | D:3      | Found an ancient bone altar of Kikubaaqudgha.
  3510 | D:4      | Noticed a phantom
  3527 | D:4      | Killed a phantom
  3569 | D:4      | Found an opulent altar of Gozag.
  3699 | D:4      | Reached XP level 6. HP: 45/45 MP: 6/12
  3703 | D:4      | Reached skill level 6 in Conjurations
  3713 | D:4      | Learned a level 4 spell: Fulminant Prism
  3728 | D:4      | Found a staircase to the Ecumenical Temple.
  3733 | Temple   | Entered the Ecumenical Temple
  4157 | D:4      | Reached skill level 1 in Hexes
  4955 | D:5      | Entered Level 5 of the Dungeon
  5095 | D:5      | Your scales start taking on a golden yellow colour.
  5095 | D:5      | Reached XP level 7. HP: 50/50 MP: 9/13
  5095 | D:5      | Gained mutation: You are resistant to acid. (rCorr) [Yellow
                  | Draconian growth]
  5407 | D:5      | Reached skill level 7 in Conjurations
  5588 | D:5      | Noticed Blork the orc
  5598 | D:5      | Killed Blork the orc
  6093 | D:5      | Reached * piety under Vehumet
  6093 | D:5      | Offered knowledge of Freeze by Vehumet.
  6099 | D:5      | Learned a level 4 spell: Iskenderun's Mystic Blast
  6330 | D:6      | Reached XP level 8. HP: 52/57 MP: 6/14
  6401 | D:6      | Reached skill level 8 in Conjurations
  6432 | D:5      | HP: 1/57 [water moccasin (4)]
  6744 | D:5      | Reached skill level 9 in Conjurations
  6796 | D:6      | Noticed Duvessa
  6798 | D:6      | Noticed Dowan
  6798 | D:6      | Noticed Pikel
  7488 | D:7      | Reached skill level 10 in Conjurations
  7542 | D:7      | Reached skill level 1 in Shields
  7801 | D:7      | Reached XP level 9. HP: 63/63 MP: 15/15
  7896 | D:7      | Reached skill level 1 in Fighting
  8107 | D:8      | You fall through a shaft for 2 floors!
  8107 | D:10     | Entered Level 10 of the Dungeon
  8112 | D:10     | Noticed a troll
  8114 | D:10     | Reached ** piety under Vehumet
  8118 | D:10     | Found a stormy altar of Qazlal.
  8118 | D:10     | Noticed a troll
  8118 | D:10     | Noticed a troll
  8169 | D:11     | Killed a troll
  8169 | D:11     | Offered knowledge of Sting by Vehumet.
  8336 | D:9      | Noticed a two-headed ogre
  8364 | D:9      | Killed a two-headed ogre
  8520 | D:9      | Found a runed translucent gate.
  8520 | D:9      | Found a runed translucent gate.
  8526 | D:9      | Reached XP level 10. HP: 62/80 MP: 4/16
  8528 | D:9      | Noticed Thomus's ghost (novice MiBe)
  8530 | D:9      | Found a runed translucent gate.
  8578 | D:9      | Found a shadowy altar of Dithmenos.
  8611 | D:9      | Noticed Grum
  8624 | D:9      | Killed Grum
  8624 | D:9      | Reached skill level 5 in Fighting
  8624 | D:9      | Reached skill level 5 in Stealth
  8674 | D:9      | Found a staircase to the Orcish Mines.
  8813 | D:9      | Reached skill level 5 in Dodging
  8842 | D:9      | Found a flagged portal.
  8851 | Bailey   | Entered a bailey
  8871 | Bailey   | Offered knowledge of Inner Flame by Vehumet.
  9064 | Bailey   | Reached *** piety under Vehumet
  9068 | Bailey   | Noticed an orc knight
  9094 | Bailey   | Gained mutation: You have a pair of small horns on your
                  | head. [potion of mutation]
  9094 | Bailey   | Gained mutation: You are occasionally teleported next to
                  | monsters. [potion of mutation]
  9094 | Bailey   | Gained mutation: You have sharp fingernails. [potion of
                  | mutation]
  9094 | Bailey   | Gained mutation: You have a pair of horns on your head.
                  | [potion of mutation]
  9103 | Bailey   | Demolished by an orc knight

Skill      XL: |  1  2  3  4  5  6  7  8  9 10 |
---------------+-------------------------------+-----
Stealth        | 2 4 5 |  5.0
Dodging        | 2 4 5 |  5.0
Spellcasting   | 3 4 |  4.2
Conjurations   | 5 6 7 10 | 10.0
Hexes          | 2 4 |  4.2
Shields        | 3 4 |  4.3
Fighting       | 4 5 |  5.5

Action                   |  1- 3 |  4- 6 |  7- 9 | 10-12 || total
-------------------------+-------+-------+-------+-------++-------
Melee: Unarmed           |    82 |       |       |       ||    82
       Tailslap          |     9 |     3 |     6 |     6 ||    24
       Hand axe          |     7 |    28 |     4 |       ||    39
       Dagger            |       |       |     7 |       ||     7
       Flail             |       |       |    48 |       ||    48
       War axe           |       |       |    37 |    39 ||    76
       Headbutt          |       |       |       |     2 ||     2
 Cast: Magic Dart        |    53 |    70 |    61 |    24 ||   208
       Searing Ray       |     2 |    20 |    52 |    10 ||    84
       Fulminant Prism   |       |       |     6 |     3 ||     9
       Iskenderun's Myst |       |       |     4 |     5 ||     9
 Abil: Breathe Acid      |       |       |     6 |       ||     6
  Use: Scroll            |       |     6 |     6 |     3 ||    15
       Potion            |       |       |     3 |     4 ||     7
 Stab: Distracted        |       |       |       |     1 ||     1
  Eat: Chunk             |     8 |    18 |    18 |       ||    44
Armor: Skin              |    38 |    15 |    72 |    13 ||   138
Dodge: Dodged            |    63 |    41 |   194 |    62 ||   360
Block: Buckler           |       |       |    26 |    31 ||    57
